 Dungeon Crawl Stone Soup version 0.18.1-1-g2f07953 (webtiles) character file.

898 aurelian the Cleaver (level 7, -10/51 HPs)
             Began as a Minotaur Berserker on May 14, 2016.
             Was a Priest of Trog.
             Mangled by Prince Ribbit (19 damage)
             ... on level 5 of the Dungeon.
             The game lasted 00:06:20 (4495 turns).

aurelian the Cleaver (Minotaur Berserker)           Turns: 4495, Time: 00:06:21

Health: -10/51     AC:  3    Str: 21    XL:     7   Next: 79%
Magic:  6/6        EV:  8    Int:  4    God:    Trog [***...]
Gold:   138        SH:  0    Dex: 10    Spells: 0 memorised, 6 levels left

rFire  . . .     SeeInvis +     a - +0 hand axe
rCold  . . .     Gourm    .     v - +0 chain mail
rNeg   . . .     Faith    .     (no shield)
rPois  +         Spirit   .     (helmet restricted)
rElec  .         Dismiss  .     (no cloak)
rCorr  .         Reflect  .     I - +2 pair of gloves
SustAt .         Harm     .     (no boots)
MR     .....                    (no amulet)
Stlth  ..........               t - ring of see invisible
                                n - +1 ring of slaying

@: exhausted, corroded, slowed, very slow, not resistant to hostile
enchantments, extremely unstealthy
A: retaliatory headbutt, horns 2, clumsy 1, frail 1, poison resistance
a: Berserk, Trog's Hand, Burn Spellbooks, Renounce Religion


You were on level 5 of the Dungeon.
You worshipped Trog.
Trog was most pleased with you.
You were hungry.

You visited 1 branch of the dungeon, and saw 5 of its levels.

You collected 138 gold pieces.

Inventory:

Hand Weapons
 a - a +0 hand axe (weapon)
 u - a +0 hunting sling
 A - a +0 blowgun
Missiles
 k - 273 stones (quivered)
 B - 7 poisoned needles
Armour
 b - a +0 animal skin
 j - a +0 leather armour
 v - a +0 chain mail (worn)
 I - a +2 pair of gloves (worn)
Jewellery
 n - a +1 ring of slaying (left hand)
 t - a ring of see invisible (right hand)
 H - an uncursed ring of sustain attributes {unknown}
 J - an uncursed ring of protection from cold {unknown}
 K - an uncursed ring of ice
Wands
 G - a wand of random effects (22/48)
Scrolls
 d - 4 scrolls of random uselessness {unknown}
 e - 3 scrolls of noise {unknown}
 g - 4 scrolls of remove curse
 h - 5 scrolls of identify {unknown}
 i - 2 scrolls of immolation {unknown}
 o - a scroll of magic mapping {unknown}
 q - 2 scrolls of recharging {unknown}
 r - a scroll of enchant armour {unknown}
 w - 2 scrolls of teleportation {unknown}
 y - a scroll of enchant weapon {unknown}
 D - a scroll of fog {unknown}
Potions
 f - 2 potions of curing
 l - a potion of ambrosia {unknown}
 m - a potion of magic {unknown}
 s - 4 potions of flight {unknown}
 x - a potion of resistance {unknown}
 z - 2 potions of heal wounds {unknown}
 C - a potion of cure mutation {unknown}
 F - 4 potions of cancellation {unknown}
Comestibles
 c - 3 bread rations
 p - 3 meat rations
 E - a beef jerky


   Skills:
 - Level 3.6 Fighting
 + Level 11.1 Axes
 - Level 2.4 Armour
 - Level 2.1 Dodging


You had 6 spell levels left.
You didn't know any spells.

Dungeon Overview and Level Annotations

Branches:
Dungeon (5/15)
 Temple: D:4-7

Altars:
Ashenzari
Sif Muna
Trog

Annotations:
D:5 Prince Ribbit


Innate Abilities, Weirdness & Mutations

You reflexively headbutt those who attack you in melee.
You have a pair of horns on your head.
You are clumsy. (Dex -2)
You are frail (-10% HP).
Your system is resistant to poisons.


Message History

Prince Ribbit blinks!
You feel a strong urge to attack something.
You closely miss Prince Ribbit.
Prince Ribbit is moderately wounded.
Prince Ribbit hits you.
You closely miss Prince Ribbit.
Prince Ribbit is moderately wounded.
You are no longer berserk.
You are exhausted.
You feel yourself slow down.
You are feeling hungry.
Prince Ribbit barely misses you.
You hit Prince Ribbit but do no damage.
Prince Ribbit is moderately wounded.
Prince Ribbit barely misses you. Prince Ribbit hits you!
* * * LOW HITPOINT WARNING * * *
Unknown command.
Drink which item? (? for menu, Esc to quit)
It was a potion of curing.
You feel better. Prince Ribbit hits you!!
You die...

################.# #..
#.# #.# #.# #.# #.# #.#
#.# #.# #.# #.# #
#####.# #.# #.##.
#.##...#.# #.# #.##.
#......#.####.#####.##.
#...#............##.
##.@F............##.
#######.....##.###.
#.###.#...##. #.#
#........ #.# #.#...###
#.....##### #######


You could see Prince Ribbit.

Vanquished Creatures
  Menkaure (D:4)
  An orc warrior (D:5)
  A sky beast (D:5)
  An ice beast (D:5)
  A crimson imp (D:5)
  An orc priest (D:4)
  A jelly (D:5)
  3 orc wizards
  A giant frog skeleton (D:3)
  A centaur skeleton (D:4)
  2 iguanas
  A worker ant (D:5)
  A worker ant zombie (D:5)
  7 adders
  An ooze (D:2)
  3 worms
  3 dart slugs
  5 giant geckos
  12 orcs
  2 ball pythons
  7 bats
  2 giant cockroaches
  9 goblins
  7 hobgoblins
  9 jackals
  10 kobolds
  2 quokkas
  3 giant newts
  5 rats
103 creatures vanquished.

Notes
Turn   | Place    | Note
--------------------------------------------------------------
     0 | D:1      | aurelian the Minotaur Berserker began the quest for the Orb.
     0 | D:1      | Reached XP level 1. HP: 19/19 MP: 0/0
    75 | D:1      | Reached skill level 4 in Axes
   274 | D:1      | Reached XP level 2. HP: 26/26 MP: 1/1
   696 | D:1      | Reached skill level 5 in Axes
  1079 | D:2      | Reached XP level 3. HP: 20/31 MP: 2/2
  1245 | D:2      | Reached ** piety under Trog
  1462 | D:2      | Reached skill level 6 in Axes
  1462 | D:2      | Reached XP level 4. HP: 39/39 MP: 3/3
  2114 | D:3      | Found a faded altar to an unknown god.
  2209 | D:3      | Found a bloodstained altar of Trog.
  2350 | D:3      | Reached skill level 7 in Axes
  2350 | D:3      | Reached XP level 5. HP: 39/45 MP: 4/4
  2366 | D:3      | Found a deep blue altar of Sif Muna.
  2550 | D:3      | Reached *** piety under Trog
  2971 | D:4      | Reached skill level 8 in Axes
  2971 | D:4      | Reached XP level 6. HP: 21/51 MP: 5/5
  3133 | D:4      | Found a shattered altar of Ashenzari.
  3294 | D:4      | Noticed Menkaure
  3310 | D:4      | Killed Menkaure
  3310 | D:4      | Reached skill level 9 in Axes
  4068 | D:5      | Entered Level 5 of the Dungeon
  4075 | D:5      | Noticed an orc warrior
  4083 | D:5      | Killed an orc warrior
  4083 | D:5      | Reached XP level 7. HP: 57/57 MP: 6/6
  4179 | D:5      | Reached skill level 10 in Axes
  4183 | D:5      | Gained mutation: You are clumsy. (Dex -2) [mutagenic meat]
  4184 | D:5      | Gained mutation: You are frail (-10% HP). [mutagenic meat]
  4185 | D:5      | Gained mutation: Your system is resistant to poisons. [mutagenic meat]
  4451 | D:5      | Reached skill level 11 in Axes
  4472 | D:5      | Noticed Prince Ribbit
  4494 | D:5      | HP: 2/51 [Prince Ribbit (16)]
  4495 | D:5      | Mangled by Prince Ribbit

Skill      XL: |  1  2  3  4  5  6  7 |
---------------+----------------------+-----
Axes           | 4 5 6 7 8 9 11 | 11.1
Fighting       | |  3.6
Armour         | |  2.4
Dodging        | |  2.1

Action                   |  1- 3 |  4- 6 |  7- 9 || total
-------------------------+-------+-------+-------++-------
Melee: Hand axe          |    88 |   149 |    44 ||   281
       Headbutt          |    12 |    26 |     9 ||    47
Invok: Berserk           |     1 |     3 |     1 ||     5
       Trog's Hand       |       |     2 |       ||     2
  Use: Scroll            |       |     1 |       ||     1
       Potion            |       |       |     1 ||     1
  Eat: Chunk             |     3 |     8 |     6 ||    17
       Royal jelly       |       |     1 |       ||     1
Armor: Animal skin       |     5 |       |       ||     5
       Leather armour    |    27 |     7 |       ||    34
       Chain mail        |       |    50 |    13 ||    63
Dodge: Dodged            |    58 |    60 |    15 ||   133
